Monarchs vs Mustangs
Created - 14 décembre 2016 at 23:31
Goals
|
| Monarchs |
2 |
1 |
1 |
0 |
0 |
4 |
| Mustangs |
0 |
0 |
4 |
0 |
1 |
5 |
|
Shots
|
| Monarchs |
19 |
4 |
8 |
0 |
3 |
31 |
| Mustangs |
0 |
19 |
15 |
1 |
2 |
35 |
|
1st period
1. Monarchs , Shawn Matthias 9 (Justin Williams) at 12:28
2. Monarchs , Shawn Matthias 10 (Kyle Clifford, Erik Karlsson) at 15:31 (PP)
Penalties :
Justin Williams (MAN) for Hooking (Minor) at 4:44, Scott Mayfield (Ham) for Hooking (Minor) at 14:37
2nd period
3. Monarchs , Tom Gilbert 4 (Erik Karlsson) at 15:33 (PP)
Penalties :
Cam Atkinson (MAN) for Hooking (Minor) at 2:12, Riley Nash (Ham) for Interference (Minor) at 4:35, Mark Pysyk (Ham) for High sticking (Minor) at 15:04
3rd period
4. Mustangs , Mark Pysyk 2 (Riley Armstrong, Eric Wellwood) at 1:37
5. Monarchs , Riley Cote 6 (Alexandre Grenier, Erik Karlsson) at 4:28
6. Mustangs , Eric Gryba 1 (Ryan Keller, Rick Schofield) at 6:08 (PP)
7. Mustangs , Riley Armstrong 12 (Reilly Smith) at 6:20
8. Mustangs , J.T. Wyman 4 (Jim O'Brien, Mark Pysyk) at 7:10
Penalties :
Justin Williams (MAN) for Interference (Minor) at 5:32, Kyle Clifford (MAN) for Hooking (Minor) at 14:46, Tyson Barrie (MAN) for Holding (Minor) at 17:11
Overtime #1
No Goal
Penalties :
No Penalty
Shootout
Penalty Shot by Riley Cote for Monarchs - Shot Misses the Net
Penalty Shot by Brandon Saad for Mustangs - Stopped by Jhonas Enroth
Penalty Shot by Justin Williams for Monarchs - Stopped by Chet Pickard
Penalty Shot by Reilly Smith for Mustangs - Goal!
Penalty Shot by Shawn Matthias for Monarchs - Shot Misses the Net
Penalties :
No Penalty
Goalie Stats
Jhonas Enroth (MAN), 31 saves from 35 shots - (0,886), OTL, 6-5-6, 65:00 minutes
Chet Pickard (Ham), 27 saves from 31 shots - (0,871), W, 5-2-1, 65:00 minutes
Players Stats for Monarchs
Player Name G A P +/- PIM S H SB GA TA FO MP PP MP PK MP
------------------------------------------------------------------------------------
Alexandre Grenier 0 1 1 0 0 1 0 0 0 0 1/1 14:33 0:00 5:04
Andrew Shaw 0 0 0 -1 0 0 1 0 0 0 0/0 4:55 0:00 0:00
Cam Atkinson 0 0 0 0 2 2 1 1 0 0 1/1 19:59 1:13 1:31
Erik Karlsson 0 3 3 0 0 4 0 3 1 3 0/0 32:58 2:46 5:21
Joe Morrow 0 0 0 1 0 0 0 0 0 0 0/0 3:28 0:00 0:00
Johnny Gaudreau 0 0 0 0 0 2 2 0 3 0 0/0 20:22 2:09 1:29
Justin Williams 0 1 1 0 4 4 1 2 0 1 0/1 22:26 2:09 0:00
Kris Russell 0 0 0 -1 0 0 1 0 2 4 0/0 19:34 0:00 3:11
Kyle Clifford 0 1 1 0 2 1 1 0 1 0 1/1 21:55 1:13 1:29
Matt Tennyson 0 0 0 0 0 0 1 0 0 1 0/0 11:27 0:00 0:00
Riley Cote 1 0 1 -1 0 9 1 0 2 1 5/10 20:42 0:00 4:41
Ryan White 0 0 0 -1 0 0 0 0 0 0 0/4 4:55 0:00 0:00
Shawn Matthias 2 0 2 0 0 2 5 1 0 0 18/28 23:02 1:13 2:09
Theo Peckham 0 0 0 -1 0 0 0 2 1 0 0/0 20:43 0:36 3:11
Tom Gilbert 1 0 1 -1 0 3 1 0 1 3 0/0 29:56 2:46 5:19
Tyler Toffoli 0 0 0 0 0 2 0 1 0 1 11/18 18:24 2:09 0:41
Tyson Barrie 0 0 0 0 2 1 0 1 0 0 0/0 12:35 0:36 0:02
Zac Rinaldo 0 0 0 0 0 0 1 0 0 0 2/5 9:29 0:00 0:00
Players Stats for Mustangs
Player Name G A P +/- PIM S H SB GA TA FO MP PP MP PK MP
------------------------------------------------------------------------------------
Alexei Marchenko 0 0 0 -1 0 0 0 0 1 0 0/0 11:58 0:00 0:00
Brandon Saad 0 0 0 1 0 1 4 0 0 0 0/0 11:11 0:09 0:00
Cameron Gaunce 0 0 0 1 0 2 3 3 2 1 0/0 30:58 4:56 2:38
Eric Gryba 1 0 1 1 0 3 4 1 0 1 0/0 30:58 4:56 2:38
Eric Wellwood 0 1 1 1 0 4 0 1 0 2 1/2 25:35 4:48 2:34
J.T. Wyman 1 0 1 1 0 4 0 1 1 0 0/0 11:19 0:09 0:00
Jerome Samson 0 0 0 -1 0 0 0 0 0 0 0/0 8:16 0:00 0:00
Jim O'Brien 0 1 1 1 0 1 1 2 1 0 2/3 11:52 0:00 0:05
Joe Finley 0 0 0 1 0 3 2 1 1 0 0/0 22:04 3:36 0:44
Joshua Leivo 0 0 0 -1 0 0 0 0 0 0 0/1 8:16 0:00 0:00
Marcus Foligno 0 0 0 0 0 5 4 0 0 2 0/1 17:02 3:44 0:07
Mark Pysyk 1 1 2 1 2 1 0 1 0 1 0/0 22:03 3:36 0:44
Reilly Smith 0 1 1 1 0 2 4 1 1 0 0/2 23:39 4:39 0:00
Rick Schofield 0 1 1 0 0 2 0 0 0 1 7/12 17:15 3:44 0:41
Riley Armstrong 1 1 2 1 0 4 4 1 2 1 18/42 26:11 4:39 2:36
Riley Nash 0 0 0 -1 2 1 0 1 0 0 2/5 8:19 0:00 0:00
Ryan Keller 0 1 1 0 0 2 2 0 5 2 0/1 17:42 3:44 0:41
Scott Mayfield 0 0 0 -1 2 0 1 0 0 0 0/0 11:57 0:00 0:00
3 Stars
1 - Shawn Matthias (MAN)
2 - Riley Armstrong (Ham)
3 - Eric Gryba (Ham)
Power Play
Monarchs - 2 on 3 Attempt(s) - 66,67%
Mustangs - 1 on 5 Attempt(s) - 20,00%
Penalty Kill
Monarchs - 4 on 5 Attempt(s) - 80,00%
- Score 0 goal in Penalty Kill
Mustangs - 1 on 3 Attempt(s) - 33,33%
- Score 0 goal in Penalty Kill
Team Stat
Monarchs - Hits : 16 - Faceoff Wins : 39 - Blocked Shots : 11 - Penalty Minutes : 10
Mustangs - Hits : 29 - Faceoff Wins : 30 - Blocked Shots : 13 - Penalty Minutes : 6
Official
Referees : Hebert Ghislain and Kimmerly Greg
Linesman : Dan Schachte and Scott Driscoll
Game Notes
No Game Note
Finance
Level 1 -- Attendance: 1423 (71,15%) -- Ticket Income 56 920 $
Level 2 -- Attendance: 679 (67,90%) -- Ticket Income 13 580 $
Total Attendance: 2102 (70,07%)
Total Ticket Income: 70 500 $
Other Income: 3 525 $
Total Income: 74 025 $
Monarchs
5 vs 5 Forward
Center Left Wing Right Wing Time % Phy DF OF
1 Shawn Matthias Kyle Clifford Justin Williams 40 1 1 3
2 Tyler Toffoli Johnny Gaudreau Cam Atkinson 30 1 1 3
3 Zac Rinaldo Riley Cote Alexandre Grenier 20 1 2 2
4 Ryan White Riley Cote Andrew Shaw 10 1 2 2
5 vs 5 Defense
Defense Defense Time % Phy DF OF
1 Erik Karlsson Tom Gilbert 40 0 3 2
2 Theo Peckham Kris Russell 30 0 3 2
3 Matt Tennyson Tyson Barrie 20 0 3 2
4 Joe Morrow Erik Karlsson 10 0 3 2
PowerPlay Forward
Center Left Wing Right Wing Time % Phy DF OF
1 Tyler Toffoli Johnny Gaudreau Justin Williams 60 0 1 4
2 Shawn Matthias Kyle Clifford Cam Atkinson 40 0 1 4
PowerPlay Defense
Defense Defense Time % Phy DF OF
1 Erik Karlsson Tom Gilbert 60 1 2 2
2 Theo Peckham Tyson Barrie 40 1 2 2
Penalty Kill 4 Players Forward
Center Wing Time % Phy DF OF
1 Riley Cote Alexandre Grenier 60 1 2 2
2 Shawn Matthias Cam Atkinson 40 1 2 2
Penalty Kill 4 Players Defense
Defense Defense Time % Phy DF OF
1 Erik Karlsson Tom Gilbert 60 1 2 2
2 Theo Peckham Kris Russell 40 1 2 2
Penalty Kill - 3 Players Forward
Forward Time % Phy DF OF
1 Riley Cote 60 1 2 2
2 Cam Atkinson 40 1 2 2
Penalty Kill - 3 Players Defense
Defense Defense Time % Phy DF OF
1 Erik Karlsson Tom Gilbert 60 1 2 2
2 Theo Peckham Kris Russell 40 1 2 2
4 vs 4 Forward
Center Wing Time % Phy DF OF
1 Riley Cote Justin Williams 60 1 2 2
2 Shawn Matthias Cam Atkinson 40 1 2 2
4 vs 4 Defense
Defense Defense Time % Phy DF OF
1 Erik Karlsson Tom Gilbert 60 1 2 2
2 Theo Peckham Kris Russell 40 1 2 2
Last Minutes Offensive
Center Left Wing Right Wing Defense Defense
Tyler Toffoli Johnny Gaudreau Justin Williams Erik Karlsson Tom Gilbert
Last Minutes Defensive
Center Left Wing Right Wing Defense Defense
Shawn Matthias Riley Cote Justin Williams Erik Karlsson Tom Gilbert
Goaltenders
Starting : Jhonas Enroth
Backup : Christopher Gibson
Extra Forwards
Normal : Johnny Gaudreau, Cam Atkinson, Kyle Clifford - PP : Zac Rinaldo, Riley Cote - PK : Kyle Clifford
Extra Defensemen
Normal : Matt Tennyson, Tyson Barrie, Joe Morrow - PP : Matt Tennyson - PK : Tyson Barrie, Joe Morrow
Penalty Shots
Riley Cote, Justin Williams, Shawn Matthias, Cam Atkinson, Kyle Clifford
Mustangs
5 vs 5 Forward
Center Left Wing Right Wing Time % Phy DF OF
1 Riley Armstrong Eric Wellwood Reilly Smith 40 0 2 3
2 Rick Schofield Marcus Foligno Ryan Keller 30 0 2 3
3 Jim O'Brien Brandon Saad J.T. Wyman 20 0 2 3
4 Riley Nash Joshua Leivo Jerome Samson 10 0 2 3
5 vs 5 Defense
Defense Defense Time % Phy DF OF
1 Eric Gryba Cameron Gaunce 45 1 2 2
2 Joe Finley Mark Pysyk 33 1 2 2
3 Alexei Marchenko Scott Mayfield 22 1 2 2
4 Alexei Marchenko Scott Mayfield 0 1 2 2
PowerPlay Forward
Center Left Wing Right Wing Time % Phy DF OF
1 Riley Armstrong Eric Wellwood Reilly Smith 60 0 0 5
2 Rick Schofield Marcus Foligno Ryan Keller 40 0 0 5
PowerPlay Defense
Defense Defense Time % Phy DF OF
1 Eric Gryba Cameron Gaunce 60 0 1 4
2 Joe Finley Mark Pysyk 40 0 1 4
Penalty Kill 4 Players Forward
Center Wing Time % Phy DF OF
1 Riley Armstrong Eric Wellwood 60 0 5 0
2 Rick Schofield Ryan Keller 40 0 5 0
Penalty Kill 4 Players Defense
Defense Defense Time % Phy DF OF
1 Eric Gryba Cameron Gaunce 60 1 4 0
2 Joe Finley Mark Pysyk 40 1 4 0
Penalty Kill - 3 Players Forward
Forward Time % Phy DF OF
1 Eric Wellwood 60 0 5 0
2 Riley Armstrong 40 0 5 0
Penalty Kill - 3 Players Defense
Defense Defense Time % Phy DF OF
1 Eric Gryba Cameron Gaunce 60 1 4 0
2 Joe Finley Mark Pysyk 40 1 4 0
4 vs 4 Forward
Center Wing Time % Phy DF OF
1 Riley Armstrong Reilly Smith 60 0 1 4
2 Rick Schofield Ryan Keller 40 0 1 4
4 vs 4 Defense
Defense Defense Time % Phy DF OF
1 Eric Gryba Cameron Gaunce 60 0 2 3
2 Joe Finley Mark Pysyk 40 0 2 3
Last Minutes Offensive
Center Left Wing Right Wing Defense Defense
Riley Armstrong Eric Wellwood Reilly Smith Joe Finley Cameron Gaunce
Last Minutes Defensive
Center Left Wing Right Wing Defense Defense
Rick Schofield Marcus Foligno Ryan Keller Alexei Marchenko Cameron Gaunce
Goaltenders
Starting : Chet Pickard
Backup : Peter Mannino
Extra Forwards
Normal : Riley Armstrong, Marcus Foligno, Ryan Keller - PP : Brandon Saad, Eric Wellwood - PK : Eric Wellwood
Extra Defensemen
Normal : Eric Gryba, Joe Finley, Alexei Marchenko - PP : Cameron Gaunce - PK : Joe Finley, Mark Pysyk
Penalty Shots
Brandon Saad, Reilly Smith, Marcus Foligno, Eric Wellwood, Ryan Keller
% Time on Ice - Monarchs
Lines # - Real PCT - Wanted PCT - Time Play
Normal Forward
1 - 38% - 40% - 18:15
2 - 32% - 30% - 15:27
3 - 20% - 20% - 9:29
4 - 10% - 10% - 4:55
Normal Defense
1 - 40% - 40% - 19:07
2 - 31% - 30% - 14:51
3 - 22% - 20% - 10:40
4 - 7% - 10% - 3:28
PP Forward
1 - 64% - 60% - 2:09
2 - 36% - 40% - 1:13
PP Defense
1 - 82% - 60% - 2:46
2 - 18% - 40% - 0:36
PK Forward
1 - 75% - 60% - 6:23
2 - 25% - 40% - 2:09
PK Defense
1 - 63% - 60% - 5:21
2 - 37% - 40% - 3:11
PK3 Forward
1 - 0% - 60%
2 - 0% - 40%
PK3 Defense
1 - 0% - 60%
2 - 0% - 40%
44 Forward
1 - 82% - 60% - 4:06
2 - 18% - 40% - 0:54
44 Defense
1 - 58% - 60% - 2:55
2 - 42% - 40% - 2:05
Last Minute Offensive - 0:00
Last Minute Defensive - 0:00
Total
Forward - 65:00
Defense - 65:00
|
% Time on Ice - Mustangs
Lines # - Real PCT - Wanted PCT - Time Play
Normal Forward
1 - 35% - 40% - 16:59
2 - 25% - 30% - 11:50
3 - 23% - 20% - 11:01
4 - 17% - 10% - 8:16
Normal Defense
1 - 44% - 45% - 21:02
2 - 33% - 33% - 15:43
3 - 24% - 22% - 11:21
4 - 0% - 0% - 0:00
PP Forward
1 - 56% - 60% - 4:48
2 - 44% - 40% - 3:44
PP Defense
1 - 58% - 60% - 4:56
2 - 42% - 40% - 3:36
PK Forward
1 - 80% - 60% - 2:41
2 - 20% - 40% - 0:41
PK Defense
1 - 78% - 60% - 2:38
2 - 22% - 40% - 0:44
PK3 Forward
1 - 0% - 60%
2 - 0% - 40%
PK3 Defense
1 - 0% - 60%
2 - 0% - 40%
44 Forward
1 - 80% - 60% - 4:00
2 - 20% - 40% - 1:00
44 Defense
1 - 60% - 60% - 2:59
2 - 40% - 40% - 2:01
Last Minute Offensive - 0:00
Last Minute Defensive - 0:00
Total
Forward - 65:00
Defense - 65:00
|
Play by Play
1st period
0:01 of 1st period - Riley Armstrong wins face-off versus Shawn Matthias in neutral zone.
0:13 of 1st period - Cameron Gaunce is hit by Shawn Matthias and loses puck.
0:28 of 1st period - Ryan Keller is hit by Johnny Gaudreau and loses puck.
0:35 of 1st period - Cam Atkinson is hit by Ryan Keller and loses puck.
0:59 of 1st period - Wrist shot by Riley Cote.
0:59 of 1st period - Shot Blocked by Jim O'Brien.
1:01 of 1st period - Slapshot by Tom Gilbert.
1:01 of 1st period - Shot Blocked by Jim O'Brien.
3:07 of 1st period - Kyle Clifford is hit by Marcus Foligno and loses puck.
3:17 of 1st period - Icing by Erik Karlsson.
3:18 of 1st period - Shawn Matthias wins face-off versus Joshua Leivo in Monarchs zone.
3:18 of 1st period - Shawn Matthias is hit by Eric Gryba.
3:48 of 1st period - Wrist shot by Riley Cote.
3:48 of 1st period - Stopped by Chet Pickard with a rebound.
3:54 of 1st period - Wrist shot by Riley Cote.
3:54 of 1st period - Stopped by Chet Pickard without a rebound.
3:55 of 1st period - Rick Schofield wins face-off versus Shawn Matthias in Mustangs zone.
3:55 of 1st period - Rick Schofield is hit by Shawn Matthias.
4:05 of 1st period - Justin Williams is hit by Marcus Foligno and loses puck.
4:44 of 1st period - Minor Penalty to Justin Williams for Hooking.
4:45 of 1st period - Alexandre Grenier wins face-off versus Riley Armstrong in Monarchs zone.
6:44 of 1st period - Penalty to Justin Williams is over, Justin Williams is back on ice.
7:30 of 1st period - Snap shot by Jim O'Brien.
7:30 of 1st period - Shot Misses the Net.
7:32 of 1st period - Snap shot by Brandon Saad.
7:32 of 1st period - Shot Blocked by Cam Atkinson.
7:50 of 1st period - Snap shot by Riley Cote.
7:50 of 1st period - Stopped by Chet Pickard without a rebound.
7:51 of 1st period - Rick Schofield wins face-off versus Ryan White in Mustangs zone.
8:24 of 1st period - Shawn Matthias is hit by Brandon Saad and loses puck.
9:57 of 1st period - Slapshot by Ryan Keller.
9:57 of 1st period - Shot Misses the Net.
10:16 of 1st period - Wrist shot by Riley Cote.
10:16 of 1st period - Stopped by Chet Pickard without a rebound.
10:17 of 1st period - Zac Rinaldo wins face-off versus Jim O'Brien in Mustangs zone.
10:18 of 1st period - Snap shot by Riley Cote.
10:18 of 1st period - Shot Misses the Net.
10:20 of 1st period - Wrist shot by Riley Cote.
10:20 of 1st period - Stopped by Chet Pickard without a rebound.
10:21 of 1st period - Zac Rinaldo wins face-off versus Reilly Smith in Mustangs zone.
10:51 of 1st period - Theo Peckham is hit by Brandon Saad and loses puck.
11:05 of 1st period - Icing by Eric Gryba.
11:06 of 1st period - Tyler Toffoli wins face-off versus Rick Schofield in Mustangs zone.
12:08 of 1st period - Theo Peckham is hit by Jim O'Brien and loses puck.
12:18 of 1st period - Off-side.
12:19 of 1st period - Shawn Matthias wins face-off versus Riley Nash in neutral zone.
12:26 of 1st period - Wrist shot by Justin Williams.
12:26 of 1st period - Shot Blocked by Riley Nash.
12:28 of 1st period - Wrist shot by Shawn Matthias.
12:28 of 1st period - Goal by Shawn Matthias - Monarchs : 1 - Mustangs : 0.
12:29 of 1st period - Shawn Matthias wins face-off versus Riley Armstrong in neutral zone.
14:05 of 1st period - Slapshot by Erik Karlsson.
14:05 of 1st period - Shot Misses the Net.
14:30 of 1st period - Riley Armstrong is hit by Kyle Clifford and loses puck.
14:37 of 1st period - Minor Penalty to Scott Mayfield for Hooking.
14:38 of 1st period - Tyler Toffoli wins face-off versus Riley Armstrong in Mustangs zone.
14:43 of 1st period - Snap shot by Johnny Gaudreau.
14:43 of 1st period - Shot Misses the Net.
14:45 of 1st period - Slapshot by Erik Karlsson.
14:45 of 1st period - Stopped by Chet Pickard without a rebound.
14:46 of 1st period - Tyler Toffoli wins face-off versus Riley Armstrong in Mustangs zone.
14:51 of 1st period - Snap shot by Justin Williams.
14:51 of 1st period - Shot Misses the Net.
14:53 of 1st period - Wrist shot by Erik Karlsson.
14:53 of 1st period - Shot Blocked by Eric Wellwood.
14:55 of 1st period - Wrist shot by Johnny Gaudreau.
14:55 of 1st period - Shot Misses the Net.
14:57 of 1st period - Slapshot by Erik Karlsson.
14:57 of 1st period - Stopped by Chet Pickard with a rebound.
14:59 of 1st period - Slapshot by Tyler Toffoli.
14:59 of 1st period - Deflect By Justin Williams.
14:59 of 1st period - Stopped by Chet Pickard without a rebound.
15:00 of 1st period - Tyler Toffoli wins face-off versus Riley Armstrong in Mustangs zone.
15:13 of 1st period - Snap shot by Justin Williams.
15:13 of 1st period - Shot Blocked by Eric Gryba.
15:15 of 1st period - Wrist shot by Tyler Toffoli.
15:15 of 1st period - Stopped by Chet Pickard without a rebound.
15:16 of 1st period - Riley Armstrong wins face-off versus Shawn Matthias in Mustangs zone.
15:31 of 1st period - Wrist shot by Shawn Matthias.
15:31 of 1st period - Goal by Shawn Matthias - Monarchs : 2 - Mustangs : 0.
15:32 of 1st period - Shawn Matthias wins face-off versus Riley Armstrong in neutral zone.
16:04 of 1st period - Snap shot by Ryan Keller.
16:04 of 1st period - Shot Misses the Net.
16:11 of 1st period - Icing by Marcus Foligno.
16:12 of 1st period - Tyler Toffoli wins face-off versus Rick Schofield in Mustangs zone.
16:19 of 1st period - Snap shot by Johnny Gaudreau.
16:19 of 1st period - Stopped by Chet Pickard with a rebound.
16:23 of 1st period - Slapshot by Cam Atkinson.
16:23 of 1st period - Stopped by Chet Pickard without a rebound.
16:24 of 1st period - Shawn Matthias wins face-off versus Riley Armstrong in Mustangs zone.
16:39 of 1st period - Snap shot by Justin Williams.
16:39 of 1st period - Stopped by Chet Pickard with a rebound.
16:57 of 1st period - Wrist shot by Riley Cote.
16:57 of 1st period - Stopped by Chet Pickard with a rebound.
16:59 of 1st period - Snap shot by Riley Cote.
16:59 of 1st period - Stopped by Chet Pickard with a rebound.
17:01 of 1st period - Slapshot by Tyson Barrie.
17:01 of 1st period - Deflect By Riley Armstrong.
17:01 of 1st period - Stopped by Chet Pickard with a rebound.
17:08 of 1st period - Icing by Reilly Smith.
17:09 of 1st period - Tyler Toffoli wins face-off versus Riley Armstrong in Mustangs zone.
17:38 of 1st period - Kyle Clifford is hit by Marcus Foligno and loses puck.
18:17 of 1st period - Slapshot by Erik Karlsson.
18:17 of 1st period - Stopped by Chet Pickard without a rebound.
18:18 of 1st period - Tyler Toffoli wins face-off versus Riley Nash in Mustangs zone.
18:19 of 1st period - Snap shot by Johnny Gaudreau.
18:19 of 1st period - Stopped by Chet Pickard with a rebound.
18:48 of 1st period - Slapshot by Riley Nash.
18:48 of 1st period - Shot Blocked by Tyson Barrie.
19:06 of 1st period - Alexei Marchenko is hit by Cam Atkinson and loses puck.
Goals for this period are 2 for Monarchs vs 0 for Mustangs.
Shots for this period are 19 for Monarchs vs 0 for Mustangs.
2nd period
0:01 of 2nd period - Shawn Matthias wins face-off versus Riley Armstrong in neutral zone.
0:12 of 2nd period - Slapshot by Eric Wellwood.
0:12 of 2nd period - Shot Blocked by Justin Williams.
0:17 of 2nd period - Off-side.
0:18 of 2nd period - Tyler Toffoli wins face-off versus Rick Schofield in neutral zone.
0:43 of 2nd period - Justin Williams is hit by Riley Armstrong and loses puck.
0:49 of 2nd period - Off-side.
0:50 of 2nd period - Kyle Clifford wins face-off versus Riley Armstrong in neutral zone.
0:53 of 2nd period - Mark Pysyk is hit by Shawn Matthias and loses puck.
1:00 of 2nd period - Justin Williams is hit by Reilly Smith and loses puck.
1:09 of 2nd period - Wrist shot by Reilly Smith.
1:09 of 2nd period - Shot Blocked by Justin Williams.
1:11 of 2nd period - Slapshot by Joe Finley.
1:11 of 2nd period - Stopped by Jhonas Enroth with a rebound.
1:37 of 2nd period - Zac Rinaldo is hit by Scott Mayfield and loses puck.
1:49 of 2nd period - Icing by Johnny Gaudreau.
1:50 of 2nd period - Jim O'Brien wins face-off versus Tyler Toffoli in Monarchs zone.
1:58 of 2nd period - Slapshot by J.T. Wyman.
1:58 of 2nd period - Stopped by Jhonas Enroth with a rebound.
2:00 of 2nd period - Slapshot by Cameron Gaunce.
2:00 of 2nd period - Shot Blocked by Tyler Toffoli.
2:12 of 2nd period - Minor Penalty to Cam Atkinson for Hooking.
2:13 of 2nd period - Riley Armstrong wins face-off versus Riley Cote in Monarchs zone.
2:38 of 2nd period - Erik Karlsson is hit by Marcus Foligno and loses puck.
2:45 of 2nd period - Wrist shot by Marcus Foligno.
2:45 of 2nd period - Shot Misses the Net.
4:08 of 2nd period - Kris Russell is hit by Brandon Saad and loses puck.
4:12 of 2nd period - Penalty to Cam Atkinson is over, Cam Atkinson is back on ice.
4:14 of 2nd period - Off-side.
4:15 of 2nd period - Shawn Matthias wins face-off versus Riley Nash in neutral zone.
4:18 of 2nd period - Riley Nash is hit by Justin Williams and loses puck.
4:35 of 2nd period - Minor Penalty to Riley Nash for Interference.
4:36 of 2nd period - Riley Armstrong wins face-off versus Tyler Toffoli in Mustangs zone.
4:58 of 2nd period - Icing by Erik Karlsson.
4:59 of 2nd period - Eric Wellwood wins face-off versus Tyler Toffoli in Monarchs zone.
5:26 of 2nd period - Wrist shot by Kyle Clifford.
5:26 of 2nd period - Shot Blocked by Cameron Gaunce.
5:36 of 2nd period - Justin Williams is hit by Cameron Gaunce and loses puck.
6:03 of 2nd period - Snap shot by Ryan Keller.
6:03 of 2nd period - Stopped by Jhonas Enroth without a rebound.
6:04 of 2nd period - Rick Schofield wins face-off versus Justin Williams in Monarchs zone.
6:07 of 2nd period - Snap shot by Rick Schofield.
6:07 of 2nd period - Stopped by Jhonas Enroth with a rebound.
6:31 of 2nd period - Mark Pysyk is hit by Shawn Matthias and loses puck.
6:35 of 2nd period - Penalty to Riley Nash is over, Riley Nash is back on ice.
7:27 of 2nd period - Icing by Scott Mayfield.
7:28 of 2nd period - Riley Nash wins face-off versus Shawn Matthias in Mustangs zone.
8:19 of 2nd period - Slapshot by Shawn Matthias.
8:19 of 2nd period - Shot Misses the Net.
8:53 of 2nd period - Snap shot by Justin Williams.
8:53 of 2nd period - Stopped by Chet Pickard without a rebound.
8:54 of 2nd period - Rick Schofield wins face-off versus Tyler Toffoli in Mustangs zone.
9:05 of 2nd period - Backhand shot by Cam Atkinson.
9:05 of 2nd period - Shot Misses the Net.
9:11 of 2nd period - Johnny Gaudreau is hit by Ryan Keller and loses puck.
9:24 of 2nd period - Slapshot by Jerome Samson.
9:24 of 2nd period - Shot Blocked by Theo Peckham.
9:26 of 2nd period - Slapshot by Joe Finley.
9:26 of 2nd period - Stopped by Jhonas Enroth without a rebound.
9:27 of 2nd period - Riley Nash wins face-off versus Zac Rinaldo in Monarchs zone.
9:52 of 2nd period - Slapshot by Theo Peckham.
9:52 of 2nd period - Deflect By Ryan White.
9:52 of 2nd period - Shot Misses the Net.
9:52 of 2nd period - Puck is out of play.
9:53 of 2nd period - Rick Schofield wins face-off versus Ryan White in Mustangs zone.
9:55 of 2nd period - Icing by Eric Gryba.
9:56 of 2nd period - Rick Schofield wins face-off versus Ryan White in Mustangs zone.
10:05 of 2nd period - Slapshot by Marcus Foligno.
10:05 of 2nd period - Stopped by Jhonas Enroth without a rebound.
10:06 of 2nd period - Riley Armstrong wins face-off versus Shawn Matthias in Monarchs zone.
10:31 of 2nd period - Tyler Toffoli is hit by Cameron Gaunce and loses puck.
10:40 of 2nd period - Slapshot by Tyler Toffoli.
10:40 of 2nd period - Stopped by Chet Pickard with a rebound.
10:56 of 2nd period - Snap shot by Jim O'Brien.
10:56 of 2nd period - Shot Misses the Net.
11:09 of 2nd period - Riley Cote is hit by Eric Gryba and loses puck.
11:22 of 2nd period - J.T. Wyman is hit by Riley Cote and loses puck.
11:49 of 2nd period - Slapshot by J.T. Wyman.
11:49 of 2nd period - Stopped by Jhonas Enroth without a rebound.
11:50 of 2nd period - Shawn Matthias wins face-off versus Riley Armstrong in Monarchs zone.
12:01 of 2nd period - Wrist shot by Reilly Smith.
12:01 of 2nd period - Stopped by Jhonas Enroth with a rebound.
12:03 of 2nd period - Slapshot by Joe Finley.
12:03 of 2nd period - Shot Misses the Net.
12:05 of 2nd period - Snap shot by Riley Armstrong.
12:05 of 2nd period - Shot Blocked by Erik Karlsson.
13:13 of 2nd period - Wrist shot by Eric Wellwood.
13:13 of 2nd period - Stopped by Jhonas Enroth without a rebound.
13:14 of 2nd period - Tyler Toffoli wins face-off versus Rick Schofield in Monarchs zone.
13:17 of 2nd period - Snap shot by Marcus Foligno.
13:17 of 2nd period - Stopped by Jhonas Enroth without a rebound.
13:18 of 2nd period - Rick Schofield wins face-off versus Tyler Toffoli in Monarchs zone.
13:19 of 2nd period - Snap shot by Ryan Keller.
13:19 of 2nd period - Deflect By Marcus Foligno.
13:19 of 2nd period - Deflect By Cam Atkinson.
13:19 of 2nd period - Shot Blocked by Theo Peckham.
13:19 of 2nd period - Puck is out of play.
13:20 of 2nd period - Tyler Toffoli wins face-off versus Ryan Keller in Monarchs zone.
13:27 of 2nd period - Slapshot by Marcus Foligno.
13:27 of 2nd period - Shot Misses the Net.
13:29 of 2nd period - Snap shot by Marcus Foligno.
13:29 of 2nd period - Shot Misses the Net.
13:31 of 2nd period - Slapshot by Marcus Foligno.
13:31 of 2nd period - Stopped by Jhonas Enroth without a rebound.
13:32 of 2nd period - Riley Armstrong wins face-off versus Shawn Matthias in Monarchs zone.
15:04 of 2nd period - Minor Penalty to Mark Pysyk for High sticking.
15:05 of 2nd period - Riley Armstrong wins face-off versus Tyler Toffoli in Mustangs zone.
15:33 of 2nd period - Wrist shot by Tom Gilbert.
15:33 of 2nd period - Deflect By Cameron Gaunce.
15:33 of 2nd period - Goal by Tom Gilbert - Monarchs : 3 - Mustangs : 0.
15:34 of 2nd period - Riley Armstrong wins face-off versus Shawn Matthias in neutral zone.
15:37 of 2nd period - Snap shot by Riley Armstrong.
15:37 of 2nd period - Shot Blocked by Erik Karlsson.
15:39 of 2nd period - Snap shot by Riley Armstrong.
15:39 of 2nd period - Stopped by Jhonas Enroth with a rebound.
15:47 of 2nd period - Snap shot by Erik Karlsson.
15:47 of 2nd period - Shot Blocked by Reilly Smith.
16:17 of 2nd period - Cameron Gaunce is hit by Shawn Matthias and loses puck.
16:24 of 2nd period - Justin Williams is hit by Brandon Saad and loses puck.
16:51 of 2nd period - Slapshot by J.T. Wyman.
16:51 of 2nd period - Shot Misses the Net.
16:53 of 2nd period - Slapshot by Cameron Gaunce.
16:53 of 2nd period - Stopped by Jhonas Enroth with a rebound.
16:55 of 2nd period - Snap shot by Eric Gryba.
16:55 of 2nd period - Deflect By Brandon Saad.
16:55 of 2nd period - Stopped by Jhonas Enroth without a rebound.
16:56 of 2nd period - Tyler Toffoli wins face-off versus Reilly Smith in Monarchs zone.
17:03 of 2nd period - Slapshot by Eric Wellwood.
17:03 of 2nd period - Shot Misses the Net.
17:05 of 2nd period - Slapshot by Eric Wellwood.
17:05 of 2nd period - Stopped by Jhonas Enroth with a rebound.
17:07 of 2nd period - Wrist shot by Riley Armstrong.
17:07 of 2nd period - Stopped by Jhonas Enroth with a rebound.
17:09 of 2nd period - Slapshot by Riley Armstrong.
17:09 of 2nd period - Shot Misses the Net.
17:11 of 2nd period - Slapshot by Eric Wellwood.
17:11 of 2nd period - Shot Misses the Net.
17:33 of 2nd period - Slapshot by Joe Finley.
17:33 of 2nd period - Deflect By Johnny Gaudreau.
17:33 of 2nd period - Stopped by Jhonas Enroth with a rebound.
18:07 of 2nd period - Snap shot by Riley Cote.
18:07 of 2nd period - Stopped by Chet Pickard without a rebound.
18:08 of 2nd period - Riley Armstrong wins face-off versus Zac Rinaldo in Mustangs zone.
18:15 of 2nd period - Snap shot by Riley Armstrong.
18:15 of 2nd period - Shot Misses the Net.
18:17 of 2nd period - Slapshot by Eric Wellwood.
18:17 of 2nd period - Stopped by Jhonas Enroth without a rebound.
18:18 of 2nd period - Riley Armstrong wins face-off versus Ryan White in Monarchs zone.
18:19 of 2nd period - Wrist shot by Reilly Smith.
18:19 of 2nd period - Stopped by Jhonas Enroth with a rebound.
18:27 of 2nd period - Snap shot by Ryan White.
18:27 of 2nd period - Shot Misses the Net.
18:33 of 2nd period - Snap shot by Riley Cote.
18:33 of 2nd period - Shot Blocked by Cameron Gaunce.
18:47 of 2nd period - Wrist shot by Rick Schofield.
18:47 of 2nd period - Shot Misses the Net.
Goals for this period are 1 for Monarchs vs 0 for Mustangs.
Shots for this period are 4 for Monarchs vs 19 for Mustangs.
3rd period
0:01 of 3rd period - Shawn Matthias wins face-off versus Riley Armstrong in neutral zone.
0:10 of 3rd period - Slapshot by Shawn Matthias.
0:10 of 3rd period - Shot Misses the Net.
0:12 of 3rd period - Slapshot by Tom Gilbert.
0:12 of 3rd period - Stopped by Chet Pickard with a rebound.
0:28 of 3rd period - Snap shot by Ryan Keller.
0:28 of 3rd period - Shot Misses the Net.
0:56 of 3rd period - Slapshot by J.T. Wyman.
0:56 of 3rd period - Stopped by Jhonas Enroth with a rebound.
0:58 of 3rd period - Slapshot by Eric Gryba.
0:58 of 3rd period - Stopped by Jhonas Enroth with a rebound.
1:00 of 3rd period - Wrist shot by Brandon Saad.
1:00 of 3rd period - Shot Misses the Net.
1:20 of 3rd period - Wrist shot by Riley Nash.
1:20 of 3rd period - Stopped by Jhonas Enroth with a rebound.
1:35 of 3rd period - Snap shot by Riley Armstrong.
1:35 of 3rd period - Stopped by Jhonas Enroth with a rebound.
1:37 of 3rd period - Slapshot by Mark Pysyk.
1:37 of 3rd period - Deflect By Tyson Barrie.
1:37 of 3rd period - Goal by Mark Pysyk - Monarchs : 3 - Mustangs : 1.
1:38 of 3rd period - Shawn Matthias wins face-off versus Riley Armstrong in neutral zone.
1:41 of 3rd period - Tom Gilbert is hit by Riley Armstrong and loses puck.
1:48 of 3rd period - Snap shot by Erik Karlsson.
1:48 of 3rd period - Shot Blocked by Mark Pysyk.
2:00 of 3rd period - Tom Gilbert is hit by Reilly Smith and loses puck.
2:17 of 3rd period - Snap shot by Cam Atkinson.
2:17 of 3rd period - Shot Misses the Net.
2:44 of 3rd period - Slapshot by Erik Karlsson.
2:44 of 3rd period - Stopped by Chet Pickard with a rebound.
3:06 of 3rd period - Snap shot by Kyle Clifford.
3:06 of 3rd period - Shot Blocked by Cameron Gaunce.
3:46 of 3rd period - Icing by Cam Atkinson.
3:47 of 3rd period - Jim O'Brien wins face-off versus Tyler Toffoli in Monarchs zone.
3:48 of 3rd period - Wrist shot by J.T. Wyman.
3:48 of 3rd period - Shot Misses the Net.
4:28 of 3rd period - Snap shot by Riley Cote.
4:28 of 3rd period - Goal by Riley Cote - Monarchs : 4 - Mustangs : 1.
4:29 of 3rd period - Shawn Matthias wins face-off versus Riley Armstrong in neutral zone.
5:17 of 3rd period - Snap shot by Riley Cote.
5:17 of 3rd period - Shot Blocked by J.T. Wyman.
5:21 of 3rd period - Slapshot by Alexandre Grenier.
5:21 of 3rd period - Stopped by Chet Pickard without a rebound.
5:22 of 3rd period - Shawn Matthias wins face-off versus Riley Armstrong in Mustangs zone.
5:32 of 3rd period - Minor Penalty to Justin Williams for Interference.
5:33 of 3rd period - Riley Armstrong wins face-off versus Riley Cote in Monarchs zone.
6:08 of 3rd period - Slapshot by Eric Gryba.
6:08 of 3rd period - Goal by Eric Gryba - Monarchs : 4 - Mustangs : 2.
6:09 of 3rd period - Shawn Matthias wins face-off versus Riley Armstrong in neutral zone.
6:20 of 3rd period - Snap shot by Riley Armstrong.
6:20 of 3rd period - Goal by Riley Armstrong - Monarchs : 4 - Mustangs : 3.
6:21 of 3rd period - Shawn Matthias wins face-off versus Riley Armstrong in neutral zone.
6:24 of 3rd period - Slapshot by Tom Gilbert.
6:24 of 3rd period - Stopped by Chet Pickard with a rebound.
6:32 of 3rd period - Kyle Clifford is hit by Cameron Gaunce and loses puck.
6:47 of 3rd period - Cameron Gaunce is hit by Johnny Gaudreau and loses puck.
7:10 of 3rd period - Wrist shot by J.T. Wyman.
7:10 of 3rd period - Goal by J.T. Wyman - Monarchs : 4 - Mustangs : 4.
7:11 of 3rd period - Shawn Matthias wins face-off versus Eric Wellwood in neutral zone.
7:14 of 3rd period - Riley Armstrong is hit by Tom Gilbert and loses puck.
7:47 of 3rd period - Off-side.
7:48 of 3rd period - Riley Armstrong wins face-off versus Shawn Matthias in neutral zone.
8:13 of 3rd period - Johnny Gaudreau is hit by Joe Finley and loses puck.
8:42 of 3rd period - Marcus Foligno is hit by Zac Rinaldo and loses puck.
9:03 of 3rd period - Kyle Clifford is hit by Reilly Smith and loses puck.
9:16 of 3rd period - Jerome Samson is hit by Andrew Shaw.
11:20 of 3rd period - Snap shot by Marcus Foligno.
11:20 of 3rd period - Stopped by Jhonas Enroth with a rebound.
11:40 of 3rd period - Wrist shot by Johnny Gaudreau.
11:40 of 3rd period - Shot Blocked by Riley Armstrong.
11:42 of 3rd period - Slapshot by Matt Tennyson.
11:42 of 3rd period - Deflect By Cam Atkinson.
11:42 of 3rd period - Stopped by Chet Pickard without a rebound.
11:43 of 3rd period - Shawn Matthias wins face-off versus Riley Armstrong in Mustangs zone.
11:56 of 3rd period - Wrist shot by Kyle Clifford.
11:56 of 3rd period - Deflect By Eric Wellwood.
11:56 of 3rd period - Stopped by Chet Pickard with a rebound.
11:58 of 3rd period - Snap shot by Justin Williams.
11:58 of 3rd period - Stopped by Chet Pickard with a rebound.
12:12 of 3rd period - Off-side.
12:13 of 3rd period - Cam Atkinson wins face-off versus Rick Schofield in neutral zone.
12:39 of 3rd period - Off-side.
12:40 of 3rd period - Shawn Matthias wins face-off versus Riley Armstrong in neutral zone.
12:47 of 3rd period - Snap shot by Shawn Matthias.
12:47 of 3rd period - Shot Misses the Net.
13:36 of 3rd period - Snap shot by Jim O'Brien.
13:36 of 3rd period - Stopped by Jhonas Enroth with a rebound.
13:50 of 3rd period - Snap shot by Riley Cote.
13:50 of 3rd period - Deflect By Zac Rinaldo.
13:50 of 3rd period - Shot Misses the Net.
13:50 of 3rd period - Puck is out of play.
13:51 of 3rd period - Riley Armstrong wins face-off versus Zac Rinaldo in Mustangs zone.
13:51 of 3rd period - Riley Armstrong is hit by Matt Tennyson.
13:57 of 3rd period - Snap shot by Riley Cote.
13:57 of 3rd period - Shot Misses the Net.
14:03 of 3rd period - Slapshot by Cameron Gaunce.
14:03 of 3rd period - Stopped by Jhonas Enroth without a rebound.
14:04 of 3rd period - Shawn Matthias wins face-off versus Riley Armstrong in Monarchs zone.
14:41 of 3rd period - Snap shot by Ryan Keller.
14:41 of 3rd period - Stopped by Jhonas Enroth without a rebound.
14:42 of 3rd period - Riley Armstrong wins face-off versus Shawn Matthias in Monarchs zone.
14:46 of 3rd period - Minor Penalty to Kyle Clifford for Hooking.
14:47 of 3rd period - Riley Cote wins face-off versus Riley Armstrong in Monarchs zone.
14:59 of 3rd period - Wrist shot by Reilly Smith.
14:59 of 3rd period - Shot Hit the Post.
15:01 of 3rd period - Slapshot by Eric Gryba.
15:01 of 3rd period - Stopped by Jhonas Enroth without a rebound.
15:02 of 3rd period - Riley Armstrong wins face-off versus Riley Cote in Monarchs zone.
15:05 of 3rd period - Wrist shot by Eric Wellwood.
15:05 of 3rd period - Shot Blocked by Erik Karlsson.
15:07 of 3rd period - Slapshot by Reilly Smith.
15:07 of 3rd period - Deflect By Eric Wellwood.
15:07 of 3rd period - Shot Misses the Net.
15:07 of 3rd period - Puck is out of play.
15:08 of 3rd period - Riley Armstrong wins face-off versus Riley Cote in Monarchs zone.
15:09 of 3rd period - Snap shot by Eric Wellwood.
15:09 of 3rd period - Stopped by Jhonas Enroth without a rebound.
15:10 of 3rd period - Riley Armstrong wins face-off versus Riley Cote in Monarchs zone.
16:01 of 3rd period - Theo Peckham is hit by Riley Armstrong and loses puck.
16:46 of 3rd period - Penalty to Kyle Clifford is over, Kyle Clifford is back on ice.
17:11 of 3rd period - Minor Penalty to Tyson Barrie for Holding.
17:12 of 3rd period - Riley Cote wins face-off versus Riley Armstrong in Monarchs zone.
17:45 of 3rd period - Snap shot by Rick Schofield.
17:45 of 3rd period - Stopped by Jhonas Enroth without a rebound.
17:46 of 3rd period - Riley Cote wins face-off versus Riley Armstrong in Monarchs zone.
18:07 of 3rd period - Eric Wellwood is hit by Kris Russell and loses puck.
18:18 of 3rd period - Slapshot by Joe Finley.
18:18 of 3rd period - Shot Blocked by Shawn Matthias.
18:24 of 3rd period - Slapshot by Kris Russell.
18:24 of 3rd period - Shot Misses the Net.
19:11 of 3rd period - Penalty to Tyson Barrie is over, Tyson Barrie is back on ice.
19:21 of 3rd period - Tyson Barrie is hit by Eric Gryba and loses puck.
19:47 of 3rd period - Tom Gilbert is hit by Reilly Smith and loses puck.
Goals for this period are 1 for Monarchs vs 4 for Mustangs.
Shots for this period are 8 for Monarchs vs 15 for Mustangs.
Overtime #1
0:01 of 1st overtime period - Riley Cote wins face-off versus Riley Armstrong in neutral zone.
1:13 of 1st overtime period - Wrist shot by Eric Wellwood.
1:13 of 1st overtime period - Deflect By Marcus Foligno.
1:13 of 1st overtime period - Stopped by Jhonas Enroth without a rebound.
1:14 of 1st overtime period - Riley Cote wins face-off versus Marcus Foligno in Monarchs zone.
1:25 of 1st overtime period - Riley Cote is hit by Riley Armstrong and loses puck.
1:38 of 1st overtime period - Slapshot by Cam Atkinson.
1:38 of 1st overtime period - Shot Blocked by Joe Finley.
1:41 of 1st overtime period - Icing by Joe Finley.
1:42 of 1st overtime period - Riley Armstrong wins face-off versus Shawn Matthias in Mustangs zone.
3:01 of 1st overtime period - Johnny Gaudreau is hit by Eric Gryba and loses puck.
3:52 of 1st overtime period - Justin Williams is hit by Joe Finley and loses puck.
Goals for this period are 0 for Monarchs vs 0 for Mustangs.
Shots for this period are 0 for Monarchs vs 1 for Mustangs.
ShootOut
5:00 of 1st overtime period - Penalty Shot by Riley Cote for Monarchs .
5:00 of 1st overtime period - Deke by Riley Cote.
5:00 of 1st overtime period - Shot Misses the Net.
5:00 of 1st overtime period - Penalty Shot by Brandon Saad for Mustangs.
5:00 of 1st overtime period - Wrist shot by Brandon Saad.
5:00 of 1st overtime period - Stopped by Jhonas Enroth.
5:00 of 1st overtime period - Penalty Shot by Justin Williams for Monarchs .
5:00 of 1st overtime period - Wrist shot by Justin Williams.
5:00 of 1st overtime period - Stopped by Chet Pickard.
5:00 of 1st overtime period - Penalty Shot by Reilly Smith for Mustangs.
5:00 of 1st overtime period - Deke by Reilly Smith.
5:00 of 1st overtime period - Goal by Reilly Smith.
5:00 of 1st overtime period - Penalty Shot by Shawn Matthias for Monarchs .
5:00 of 1st overtime period - Deke by Shawn Matthias.
5:00 of 1st overtime period - Shot Misses the Net.
Back to the Top